Description

Original Post

Two-base Colossus openers are something I haven't used in a long time, mostly because they haven't been very good. While it's an uncommon opener at the highest level due to its passive nature, Colossus builds can still be strong due to the immense amount of sustained firepower Colossi can bring to bear. It can be very difficult, especially for lower league Terran players, to break through a Colossus-centered defense. Protoss could then go for relatively quick Storm to round out its composition. So, if multitasking Oracles or getting by with just a handful of Blink Stalkers while you pray Storm gets done in time isn't your thing, then perhaps this old school, macro style will suit your fancy.

VOD

https://www.youtube.com/watch?v=3ShlCoWc-jE

Replay - Bunny v Zest: Game 1 - Blackpink LE

Build Order

Get SALT Encoding   

  12  0:00  Probe  
  13  0:13  Probe  
  14  0:17  Pylon  
  14  0:25  Probe (Chrono Boost)  
  15  0:37  Probe (Chrono Boost), Gateway  
  16  0:44  Probe (Chrono Boost)  
  16  0:46  Assimilator  rally in probes
  17  0:51  Probe  
  18  1:03  Probe  
  19  1:15  Probe  
  20  1:23  Nexus  
  20  1:31  Cybernetics Core  
  20  1:34  Probe  
  20  1:39  Assimilator  
  21  1:46  Probe  
  22  1:49  Pylon  
  23  2:05  Adept (Chrono Boost)  send across map if needed
  23  2:08  Warp Gate  
  26  2:17  Robotics Facility  
  26  2:28  Stalker  
  33  2:58  Stalker  
  37  3:05  Observer (Chrono Boost)  chrono immortal if needed
  40  3:10  Gateway x2  battery if needed
  42  3:20  Observer (Chrono Boost)  
  42  3:27  Pylon  
  43  3:33  Assimilator  
  46  3:43  Robotics Bay  
  46  3:45  Pylon  
  48  3:48  Observer (Chrono Boost)  
  49  4:01  Warp Prism (Chrono Boost)  send out to harrass
  50  4:03  Assimilator  
  54  4:11  Pylon  
  56  4:29  Shield Battery  
  56  4:30  Colossus (Chrono Boost)  
  56  4:34  Sentry  
  56  4:35  Zealot x2  
  68  4:47  Observer  
  68  4:52  Extended Thermal Lance  pause probe at 47
  70  5:11  Adept x3  warp in from prism
  75  5:15  Colossus (Chrono Boost)  
  75  5:17  Nexus  
  81  5:35  Gateway x3  
  81  5:46  Sentry x2  
  81  5:48  Stalker  
  87  6:00  Twilight Council  resume probes, Blink --> Charge
  87  6:04  Colossus (Chrono Boost)  immortal and observers after
  87  6:30  Forge x2  
  87  8:00  Templar Archives  
Spawning Tool Build Advisor. Get it on Overwolf

Analysis

this build is meant to be very safe and solid. It's difficult to crack head on. That's what Colossi offer you. Zest's build is the most modern rendition of that style that I've seen, and it even comes with the option to do some Warp Prism harassment while you're teching up.

Like always, we start with a normal 20-Nexus opener and go straight into a Robotics Facility after the first Gateway unit. Zest goes for an Adept as his first unit so that he can get his Robo down just slightly faster, and to have the added scout potential after dealing with any Reapers. Zest doesn't send his Adept across the map in his game against Bunny, but there's no reason you couldn't do it if you felt the need. After the Adept, Zest gets two Stalkers to round out his early game defense and then goes right into Observer production when the Robo is done. Zest goes up to three Observers in the example game to get as much vision as he can, even Chrono Boosting some of them out. After the second Observer is done, you'll want to put down your Robotics Support Bay as you start the third Observer. To keep the build nice and lean, Zest gets his third gas at 43 supply and then waits for it to finish before he gets his fourth. This is simply done to optimize income, and you can just put down both gasses down at once if you find it more convenient (you'll take a slight efficiency hit, but it shouldn't impact the build too much).

If you find yourself facing any of those fast Cylcone pushes off of two bases, you can simply Chrono-Boost out an Immortal instead of all those Observers, alongside an earlier shield battery. Opening Robo-first basically hard counters any of those types of openings, as long as you know what's coming. If you're aren't totally sure if a Cyclone push is a possibility from your initial Probe scout, then just leave a Probe patrolling by their base to see if/when they move across the map so you can react in time. If you just feel safer going for a blind Immortal, that's also fine—you can simply get it instead of a Warp Prism. However, it will delay your first Colossus just a little bit. Zest actually played a game vs Special (replay linked below) who went for an interesting proxy-Factory Cyclone build off of two bases that Zest scouted with one of his Observers. All Zest had to do was make an Immortal and a few shield batteries to hold very easily. That would be how any game looks if you suspect early game shenanigans. Of course, if your opponent went for a one-base build, you'd have to delay your Nexus and get your Robotics Facility ASAP off one base.

In any case, the 'normal' execution of this build sneaks out a Warp Prism before Colossus production begins so that you can get some presence on the map and punish any early move outs by the Terran. It's usually not a good idea to sit completely passively with nothing out on the map, and that's where the Warp Prism comes into play. A few Adepts dropped into the mineral line whenever the Terran moves out serves to split his attention and make it so he can't move out at will. In lower leagues, this isn't really necessary, but it's a great way to learn some very simple multitasking and harassment mechanics as it doesn't demand as much attention as other forms of harassment. The Prism harassment is just a supplement to the build, and not what the entire build relies on to work. However, it does give you the potential to deal a significant amount of damage if you time counter-attack warp-ins as Terran moves out across the map.

Colossus production should begin as soon as the Robotics Support Bay is done. You want to make Colossi non-stop until you have to three and then switch over to Immortals. You can throw in a defensive Shield Battery as well if you want—Zest gets his at 4:30 along with his first warp in of two Zealots and a Sentry to round out his gateway composition. Pause Probe production at 47 supply, around 5:00, so you can afford the upcoming tech structures and units. It's important that you do this, otherwise you won't be able to get your follow-up buildings and units quickly enough. It's vital that you get the three Adepts at your Warp Prism (if you chose to make one), your second Colossus, your third Nexus at 5:20, and the three extra gates at 5:40.

The example game that I got this build from gets a bit weird at this point, with Zest making some interesting decisions. Namely, he never makes any forges. Instead, he prioritizes getting Psionic Storm a bit too much, and skips out on both Blink and attack/armor upgrades. Eventually, Zest finds himself in a base trade when his and Bunny's armies pass right by each other. Zest had killed enough of Bunny's forces earlier and delayed Bunny's third base to the point where his own army was simply larger, and was able to win the base trade. However, this isn't how you should expect a typical game with this build to look.

So, the timings for follow-up tech structures are my own suggestions. These may vary a little bit in your games based on how much pressure you find yourself under. However, if all is going well then, you should be able to afford a Twilight Council around 6:00 with a double Forge at 6:30. One of the downsides to opening fast Colossus like this is that it limits your Gateway count. You'll be staying on a low number of Gateways for quite some time since you still need to invest into all the other tech as well. It can get a bit tight when you're trying to get your Twilight upgrades going at the same time as double Forges, while also continuing with Colossus production. Eventually, (ideally as fast as possible) you'll want to go into Templar Archives for Storm to quickly round out your splash composition and make it difficult for the Terran player to properly counter your army.

Something else you can do that was brought to my attention by Seracis is to go for double Forge before the 3rd base instead of a Warp Prism. Zest did this vs INnoVation in the GSL RO16. The build is essentially the same, except instead of getting a Warp Prism, Zest goes for double Forge and a third Nexus at 4:45 before he even starts his first Colossus. Now, if that's too greedy for you then feel free to delay the Nexus slightly to get the Colossus first and then go for double Forge right after the Nexus. I think that would be a very safe and solid way to go about doing this opener. Zest ends up getting the Twilight Council around when I said would be a good timing (5:50 in the example game against INnoVation), and then follows up with Blink and Disruptors instead of storm. This is still another solid way to go about playing from this opener, but just focuses on some different strengths and has more brute force power to it. It's especially good if the Terran is delaying Liberators and trying to push really hard, since Disruptors are a very punishing unit if the Terran does not micro or position his units well.

The Classic Composition

I mentioned earlier how this is a very old school style PvT. Back in WoL and HotS it was very common to assemble a Death Ball of mass Colossi and High Templars for maximum splash damage. You would then play a game of tech switches to play around what the Terran had at any given point. If you started with Colossi and your opponent went into heavy Viking production to counter, then you'd go High Templars to abuse that. That's where these super-fast Storm styles came from to begin with. Then, once Terran had Ghosts and you'd bled away away their Viking count, you could go back into heavy Colossus production from multiple Robos. The cycle would repeat until someone won the game.

That's what Zest was going for against Bunny, but things just spiraled out of control. He did a counter-attack after losing some Probes and ended up denying Bunny's third for a while, but also delayed a lot of his tech and upgrades due to his aggression. While I'm sure Zest would have still gone for his extremely fast Storm transition even if the game had gone more normally, I do believe he would have at least gotten one forge, if not two, had the early aggression played out slightly differently. It is up to you to decide how you want to play it, though. If you want to stick on Blink-Stalkers and Colossi for a lot longer with more gateways, then by all means go ahead. If you like going straight into Storm, then that obviously works too. Whichever one you choose, just be sure to commit to it and macro well and you should be more than fine.

If you do go for the fast Storm style, then there's the question of whether or not you need Blink. A lot of times when I see players go for fast Storm transitions after opening with a different tech, they skip Blink and go straight to Charge. While Blink is a pure mobility spell, Charge gives Zealots some added on-hit damage alongside the ability to engage the enemy faster. I personally never felt safe skipping Blinkg, however, and I feel that I always need Blink to deal with Medivacs drops and Liberators. I recommend lower league players always get Blink, as the trade-off in safety for damage isn't worth it.

Regardless, I think this build is a good set-up for a strong, mid-game defensive style. It has solid branches and tech variations, and doesn't sacrifice the ability to punish Terran if they push carelessly.

Go to:

Details

  • Created by: goldensunliu
  • Published on: May 23, 2018
  • Modified on: May 23, 2018
  • Patch: 4.0.0
Show
View Real Time Build Order
Export as new Build Order

Comments (0)

There are no comments. Be the first!

Create an account to comment!